 Dungeon Crawl Stone Soup version 0.16-a0-3212-g68818ff (webtiles) character file.

115 Johnny the Bolt Thrower (level 4, 0/34 HPs)
             Began as a Mummy Hunter on Dec 20, 2014.
             Slain by a quasit (1 damage)
             ... on level 3 of the Dungeon.
             The game lasted 00:04:26 (3506 turns).

Johnny the Bolt Thrower (Mummy Hunter)              Turns: 3506, Time: 00:04:26

Health: 0/34       AC:  3    Str: 15    XL:     4   Next: 68%
Magic:  4/4        EV: 12    Int: 10    God:
Gold:   127        SH:  0    Dex: 13    Spells: 0 memorised, 3 levels left

rFire  x . .     SeeInvis +     b - +1 hand crossbow
rCold  + . .     Clarity  .     d - +0 leather armour
rNeg   + + +     SustAb   .     (no shield)
rPois  ∞         Gourm    .     (no helmet)
rElec  .         Spirit   .     (no cloak)
rCorr  .         Warding  .     (no gloves)
rMut   .         Stasis   .     (no boots)
MR     .....                    (no amulet)
Stlth  +.........               (no ring)
                                l - ring of see invisible

@: not resistant to hostile enchantments, very unstealthy
A: no food or potions, fire vulnerability, restore body, cold resistance 1,
negative energy resistance 3, poison resistance, torment resistance, unbreathing
a: no special abilities


You were on level 3 of the Dungeon.
You were not hungry.

You visited 1 branch of the dungeon, and saw 4 of its levels.

You collected 127 gold pieces.

Inventory:

Hand weapons
 a - a +0 short sword
 b - a +1 hand crossbow (weapon)
 f - a +2 dagger of venom
 i - a +0 antimagic hand axe
 n - a +0 club
 p - a +2 spear of flaming
Missiles
 c - 5 bolts (quivered)
Armour
 d - a +0 leather armour (worn)
Jewellery
 l - a ring of see invisible (left hand)
Magical devices
 o - a wand of random effects (14)
 s - a wand of polymorph (8)
Scrolls
 e - 3 scrolls of random uselessness
 g - 5 scrolls of identify
 h - a scroll of fog {unknown}
 j - a scroll of teleportation {unknown}
 k - a scroll of remove curse
 m - 2 scrolls of enchant weapon {unknown}
 r - 2 scrolls of amnesia {unknown}


   Skills:
 * Level 2.8 Fighting
 + Level 4.0 Crossbows
 * Level 0.8 Armour
 * Level 2.5 Dodging
 - Level 0.7 Stealth


You had 3 spell levels left.
You didn't know any spells.

Dungeon Overview and Level Annotations

Branches:
Dungeon (4/15)
 Temple: D:4-7

Altars:

Annotations:
D:2 Sigmund


Innate Abilities, Weirdness & Mutations

You do not eat or drink.
Your flesh is vulnerable to fire.
Your flesh is cold resistant.
You are immune to negative energy.
Your system is resistant to poisons.
You are immune to unholy pain and torment.
You can survive without breathing.


Message History

Press: ? - help, Shift-Dir - straight line, f/p - quasit
Aim: a quasit (severely wounded)
You shoot a bolt. The bolt closely misses the quasit.
The quasit bites you but does no damage.
The quasit closely misses you.
The quasit claws you but does no damage.
The quasit bites you.
* * * LOW HITPOINT WARNING * * *
The quasit claws you.
* * * LOW HITPOINT WARNING * * *
The quasit claws you but does no damage.
Firing (i - inventory):
c - 6 bolts (quivered)
Press: ? - help, Shift-Dir - straight line, f/p - quasit
Aim: a quasit (severely wounded)
You shoot a bolt. The bolt misses the quasit.
The quasit bites you.
* * * LOW HITPOINT WARNING * * *
The quasit claws you.
* * * LOW HITPOINT WARNING * * *
The quasit claws you.
You die...

## ### ##.#.# ####..# #. #.#
#..#.# ##.## #. #.# ##....# ##..#
.. #.# #..#### #...##
#.##.#####..# ##÷#..##
.>.......#.## ####.÷....#
#..##.##....#########...÷...#..#
#.†##..##........##....#.#####..#
#..###(....###(5@....###.# #..
#...####....!..###.#..##.# .
#.#..###....####)..##.....
..............##.### ##.###
#.###............######.#
#.##..##.##...#..........
......#..####...###...###
...#..#.## #...#...### ###...#.#
#.....#


You could see a quasit.

Vanquished Creatures
  Robin (D:3)
  2 adders (D:2)
  3 worms (D:2)
  4 giant geckos
  2 orcs
  4 giant cockroaches
  10 hobgoblins
  4 jackals (D:3)
  2 quokkas
  A ball python (D:3)
  4 bats
  7 giant newts
  15 goblins
  6 kobolds
  5 rats
70 creatures vanquished.

Notes
Turn   | Place    | Note
--------------------------------------------------------------
     0 | D:1      | Johnny, the Mummy Hunter, began the quest for the Orb.
     0 | D:1      | Reached XP level 1. HP: 16/16 MP: 1/1
   280 | D:1      | Reached XP level 2. HP: 20/22 MP: 2/2
  1228 | D:2      | Noticed Sigmund
  1628 | D:2      | Reached XP level 3. HP: 28/28 MP: 3/3
  1894 | D:2      | Reached skill level 4 in Crossbows
  2012 | D:2      | Reached XP level 4. HP: 34/34 MP: 4/4
  2081 | D:3      | Noticed Robin
  2395 | D:3      | Killed Robin
  2403 | D:3      | Got a scorched helmet
  2409 | D:3      | Identified the cursed -3 helmet of Incorporation {Dex+1} (You took it off Robin on level 3 of the Dungeon)
  3506 | D:3      | HP: 1/34 [quasit (1)]
  3506 | D:3      | Slain by a quasit

Action                   |  1- 3 |  4- 6 || total
-------------------------+-------+-------++-------
Melee: Dagger            |    17 |    82 ||    99
       Spear             |       |    38 ||    38
       Hand axe          |       |    23 ||    23
 Fire: Hand crossbow     |    87 |     4 ||    91
Evoke: Wand              |       |     1 ||     1
  Use: Scroll            |       |     3 ||     3
